 Dungeon Sprint DCSS version 0.27.1-1-g398f81649c (webtiles) character file.

Game seed: 392570197121305501

7178 styxcanada the Imperceptible (level 10, -13/56 HPs)
             Began as a Spriggan Brigand on Sept 15, 2021.
             Was an Initiate of Gozag.
             Mangled by a spriggan berserker (26 damage)
             ... in the Dungeon (Sprint IV: "Fedhas' Mad Dash").
             The game lasted 00:08:29 (1123 turns).

styxcanada the Imperceptible (Spriggan Brigand)     Turns: 1123, Time: 00:08:29

Health: -13/56     AC:  3    Str:  7    XL:     10   Next: 86%
Magic:  0/14       EV: 27    Int: 13    God:    Gozag
Gold:   2059       SH:  0    Dex: 20    Spells: 11/13 levels left

rFire    . . .     SeeInvis +   a - +2 dagger
rCold    . . .     Faith    .   (shield restricted)
rNeg     . . .     Spirit   .   b - +0 robe
rPois    .         Reflect  .   (helmet restricted)
rElec    .         Harm     .   c - +0 cloak
rCorr    .         Rampage  .   (gloves unavailable)
Will     +....     NoTele   +   (boots unavailable)
Stlth    ++++++++++             l - amulet of invisibility {+Inv}
HPRegen  0.18/turn              (no ring)
MPRegen  0.14/turn              (no ring)

@: very slightly contaminated, very quick
A: very small, no large weapons, unfitting armour, see invisible, speed 3
a: Renounce Religion, Evoke Invisibility, Potion Petition, Call Merchant, Bribe
Branch


You were in the Dungeon.
You worshipped Gozag.
Gozag was most pleased with you.
You visited 1 branch You collected 2376 gold pieces.
You spent 317 gold pieces at shops.

Inventory:

Hand Weapons
 a - a +2 dagger (weapon)
 n - a +0 hunting sling
 s - a +2 hunting sling of flaming
Missiles
 d - 2 poisoned darts (quivered)
 e - 2 curare-tipped darts
 m - 29 stones
 t - 19 sling bullets
Armour
 b - a +0 robe (worn)
 c - a +0 cloak (worn)
Jewellery
 l - the amulet of invisibility (around neck) {+Inv}
   (You found it in the Dungeon)

   [amulet of nothing]

   +Inv:      It lets you turn invisible.
Wands
 p - a wand of mindburst (13)
Scrolls
 o - a scroll of summoning
 q - 2 scrolls of enchant weapon
Potions
 f - a potion of curing
 h - 2 potions of haste
 i - 2 potions of magic
 j - a potion of berserk rage
 r - 2 potions of brilliance
Miscellaneous
 u - a condenser vane


   Skills:
 * Level 7.9 Fighting
 + Level 7.5 Short Blades
 + Level 3.2 Throwing
 * Level 12.0 Dodging
 * Level 26.6 Stealth
 * Level 2.2 Spellcasting
 * Level 2.2 Hexes
 * Level 1.4 Ice Magic
 * Level 11.0 Evocations


You had 11 spell levels left.
You knew the following spells:

 Your Spells              Type           Power      Damage    Failure   Level
a - Ensorcelled Hibernat  Hex/Ice        12%        N/A       19%         2

Your spell library contained the following spells:

 Spells                   Type           Power      Damage    Failure   Level
 Corona                   Hex            7%         N/A       10%         1
 Animate Skeleton         Necr           2%         N/A       26%         1
 Apportation              Tloc           2%         N/A       26%         1
 Summon Small Mammal      Summ           4%         N/A       26%         1
 Invisibility             Hex            3%         N/A       100%        6
 Haunt                    Necr/Summ      0%         N/A       100%        7


Dungeon Overview and Level Annotations

Branches:
Dungeon (1/1)

Altars:
Cheibriados
Dithmenos
Elyvilon
Gozag
Hepliaklqana
Kikubaaqudgha
Makhleb
Nemelex Xobeh
Okawaru
Qazlal
Ru
Sif Muna
Trog
Uskayaw
Vehumet
Wu Jian
Xom
Yredelemnul
Zin
The Shining One
Beogh
Jiyva
Lugonu

Shops:
D ?[?*?[((


Innate Abilities, Weirdness & Mutations

You are very small and have problems with some larger weapons.
You are too small for most types of armour.
You have supernaturally acute eyesight. (SInv)
You cover ground extremely quickly. (Speed+++)


Message History

Aim: a spriggan berserker, wielding a +0 antimagic war axe and wearing a +0 animal skin (berserk, regenerating, strong-willed, poisoned, 42% to hit)
You throw a poisoned dart.
The poisoned dart closely misses the spriggan berserker.
Throw: 4 darts (poison)
Press: ? - help, Q - select action, (/) - cycle Shift-Dir - straight line, f/p - spriggan berserker
Aim: a spriggan berserker, wielding a +0 antimagic war axe and wearing a +0 animal skin (berserk, regenerating, strong-willed, poisoned, 42% to hit)
You throw a poisoned dart.
The poisoned dart hits the spriggan berserker.
The spriggan berserker misses you.
There is an open door here.
The spriggan berserker completely misses you.
The spriggan berserker misses you.
There is an open door here.
Throw: 3 darts (poison)
Press: ? - help, Q - select action, (/) - cycle Shift-Dir - straight line, f/p - spriggan berserker
Aim: a spriggan berserker, wielding a +0 antimagic war axe and wearing a +0 animal skin (lightly wounded, berserk, regenerating, strong-willed, poisoned, 42% to hit)
You throw a poisoned dart.
The poisoned dart hits the spriggan berserker.
The spriggan berserker looks even sicker.
The spriggan berserker is lightly wounded.
The spriggan berserker misses you.
The spriggan berserker hits you with a +0 antimagic war axe!
You feel your power leaking away.
There is an open door here.
The spriggan berserker hits you with a +0 antimagic war axe!!
* * * LOW HITPOINT WARNING * * *
You feel your power leaking away.
There is an open door, spattered with blood here.
There is an opulent altar of Gozag here.
You feel much better.
The spriggan berserker closely misses you.
The spriggan berserker hits you with a +0 antimagic war axe!!
Ouch! That really hurt!
* * * LOW HITPOINT WARNING * * *
You feel your power leaking away.
There is a hazy altar of Hepliaklqana here.
The spriggan berserker rages.
The spriggan berserker hits you with a +0 antimagic war axe!!
You die...
Your body crumbles into a pile of gold.

#################################
..†#.....#.⌠._._._._.⌠.#..'.))#..
...'.#...'.._._i@._._..'..#...#..
.†.#.#...#..._._._._...#..###'##.
#######'##.._._._._._..#..##∩∩.'.
....('...#._._._._._.⌠.##########
.....#...###################.....
.♣..######♣♣♣♣♣..♣.###.'..'.....[
######..'.....(♣..♣##..#..#.P....
'.(....(#♣..♣♣♣.♣).###.##(##.P...
#.......#.♣♣..♣...♣'...#♣.♣######


You could see a spriggan berserker (berserk, regenerating, strong-willed,
poisoned).

Vanquished Creatures
  Agnes (D)
  A spriggan druid (D)
  6 oklob plants (D)
  A demonic crawler (D)
  3 wandering mushrooms (D)
  3 burning bushes (D)
  A queen bee (D)
  A hornet (D)
  3 scorpions (D)
  4 killer bees (D)
  5 oklob saplings (D)
  5 spriggans (D)
  A river rat (D)
  A rat (D)
  A ballistomycete spore (D)
37 creatures vanquished.

Notes
Turn   | Place    | Note
-------+----------+-------------------------------------------
     0 | D        | styxcanada the Spriggan Brigand began the quest for the
                  | Orb.
     0 | D        | Reached XP level 1. HP: 10/10 MP: 2/2
     9 | D        | Reached skill level 7 in Stealth
     9 | D        | Reached XP level 2. HP: 15/15 MP: 3/3
    11 | D        | Reached skill level 8 in Stealth
    17 | D        | Noticed an oklob sapling
    19 | D        | Killed an oklob sapling
    20 | D        | Reached skill level 10 in Stealth
    20 | D        | Reached XP level 3. HP: 19/19 MP: 4/4
    21 | D        | Noticed a scorpion
    21 | D        | Found the amulet of invisibility {+Inv}
    23 | D        | Killed a scorpion
    24 | D        | Reached skill level 12 in Stealth
    24 | D        | Reached XP level 4. HP: 23/23 MP: 5/5
    46 | D        | Found an opulent altar of Gozag.
    46 | D        | Found a hazy altar of Hepliaklqana.
    46 | D        | Found a burning altar of Makhleb.
    46 | D        | Found a sparkling altar of Nemelex Xobeh.
    46 | D        | Found a snail-covered altar of Cheibriados.
    46 | D        | Found a sacrificial altar of Ru.
    46 | D        | Found a shimmering blue altar of Sif Muna.
    46 | D        | Found a shimmering altar of Xom.
    46 | D        | Found a basalt altar of Yredelemnul.
    47 | D        | Found a viscous altar of Jiyva.
    47 | D        | Found a bloodstained altar of Trog.
    47 | D        | Found an ornate altar of the Wu Jian Council.
    48 | D        | Found an iron altar of Okawaru.
    48 | D        | Found a shadowy altar of Dithmenos.
    48 | D        | Found a glowing silver altar of Zin.
    49 | D        | Found an ancient bone altar of Kikubaaqudgha.
    49 | D        | Found a hide-covered altar of Uskayaw.
    50 | D        | Found a stormy altar of Qazlal.
    50 | D        | Found a white marble altar of Elyvilon.
    50 | D        | Found a glowing golden altar of the Shining One.
    51 | D        | Became a worshipper of Gozag Ym Sagoz the Greedy
    52 | D        | Found a corrupted altar of Lugonu.
    52 | D        | Found a radiant altar of Vehumet.
    58 | D        | Reached skill level 13 in Stealth
    58 | D        | Reached XP level 5. HP: 28/28 MP: 3/6
   216 | D        | Reached skill level 5 in Dodging
   216 | D        | Reached skill level 14 in Stealth
   224 | D        | Reached skill level 1 in Evocations
   225 | D        | Reached skill level 15 in Stealth
   227 | D        | Reached XP level 6. HP: 33/33 MP: 5/7
   253 | D        | Found Uroluff's Antique Armour Shop.
   254 | D        | Found Naipre's Magic Scroll Emporium.
   259 | D        | Bought a scroll of summoning for 123 gold pieces
   259 | D        | Bought a scroll of identify for 26 gold pieces
   259 | D        | Bought a scroll of identify for 26 gold pieces
   370 | D        | Noticed a burning bush
   370 | D        | Noticed a wandering mushroom
   371 | D        | Noticed a wandering mushroom
   375 | D        | Killed a wandering mushroom
   376 | D        | Reached skill level 17 in Stealth
   378 | D        | Reached skill level 5 in Short Blades
   378 | D        | Reached skill level 18 in Stealth
   378 | D        | Reached XP level 7. HP: 32/38 MP: 5/8
   403 | D        | Killed a wandering mushroom
   505 | D        | Killed a burning bush
   506 | D        | Reached skill level 5 in Fighting
   506 | D        | Reached skill level 19 in Stealth
   533 | D        | Found Kaujarch's Antique Armour Emporium.
   533 | D        | Found Lorrimm's Magic Scroll Shoppe.
   553 | D        | Bought a scroll of magic mapping for 45 gold pieces
   553 | D        | Bought a scroll of enchant weapon for 97 gold pieces
   588 | D        | Noticed a queen bee
   595 | D        | Killed a queen bee
   596 | D        | Reached skill level 20 in Stealth
   596 | D        | Reached skill level 5 in Evocations
   596 | D        | Reached XP level 8. HP: 44/44 MP: 7/9
   643 | D        | Noticed an oklob plant
   646 | D        | Killed an oklob plant
   647 | D        | Reached skill level 21 in Stealth
   660 | D        | Noticed a burning bush
   663 | D        | Killed a burning bush
   722 | D        | Noticed a burning bush
   722 | D        | Noticed an oklob plant
   723 | D        | Noticed a wandering mushroom
   724 | D        | Killed a burning bush
   725 | D        | Reached skill level 22 in Stealth
   725 | D        | Reached XP level 9. HP: 48/48 MP: 7/10
   729 | D        | Killed an oklob plant
   735 | D        | Killed a wandering mushroom
   736 | D        | Reached skill level 10 in Dodging
   736 | D        | Reached skill level 23 in Stealth
   801 | D        | Noticed a spriggan druid
   803 | D        | Killed a spriggan druid
   842 | D        | Noticed an oklob plant conjurer
   844 | D        | Killed an oklob plant conjurer
   845 | D        | Reached skill level 24 in Stealth
   941 | D        | Noticed an oklob plant
   941 | D        | Noticed an oklob plant summoner
   942 | D        | Noticed an oklob plant shifter
   946 | D        | Killed an oklob plant
   947 | D        | Reached XP level 10. HP: 55/55 MP: 8/11
   948 | D        | Killed an oklob plant summoner
   951 | D        | Killed an oklob plant shifter
   952 | D        | Reached skill level 25 in Stealth
  1001 | D        | Noticed a spriggan rider
  1002 | D        | Found Viteol's Weapon Emporium.
  1006 | D        | Found Ysogg's Weapon Shoppe.
  1010 | D        | Killed a spriggan rider
  1011 | D        | Reached skill level 10 in Evocations
  1022 | D        | Got Xasonn's Tome of Supportive Curses
  1026 | D        | Learned a level 2 spell: Ensorcelled Hibernation
  1066 | D        | Noticed Agnes
  1068 | D        | Found Jeegoac's Magic Scroll Emporium.
  1068 | D        | Noticed a spriggan berserker
  1070 | D        | Found Fiddegeb's Assorted Antiques.
  1072 | D        | Killed Agnes
  1073 | D        | Reached skill level 26 in Stealth
  1073 | D        | Reached skill level 1 in Ice Magic
  1123 | D        | Mangled by a spriggan berserker

Illustrated notes

Levels and vault maps discovered:
D:        dungeon_sprint_fedhas [sprint_temple]

Skill      XL: |  1  2  3  4  5  6  7  8  9 10 |
---------------+-------------------------------+-----
Fighting       | 2 3 4 5 6 7 |  7.9
Dodging        | 2 3 4 5 6 8 9 10 12 | 12.0
Stealth        | 7 10 12 13 15 18 20 22 24 26 | 26.6
Short Blades   | 3 4 5 6 7 |  7.5
Evocations     | 1 3 5 7 9 11 | 11.0
Throwing       | 3 |  3.2
Spellcasting   | 2 |  2.2
Hexes          | 2 |  2.2
Ice Magic      | 1 |  1.4

Action                   |  1- 3 |  4- 6 |  7- 9 | 10-12 || total
-------------------------+-------+-------+-------+-------++-------
Melee: Dagger            |     4 |     8 |    27 |     7 ||    46
Throw: Dart              |       |       |       |     6 ||     6
 Abil: Evoke Invisibilit |       |     3 |     8 |     2 ||    13
  Use: Scroll            |       |       |     3 |     1 ||     4
       Potion            |       |       |       |     1 ||     1
 Stab: Sleeping          |     4 |     7 |    14 |     7 ||    32
       Invisible         |       |       |     3 |       ||     3
       Distracted        |       |       |     1 |       ||     1
Dodge: Dodged            |       |     1 |     6 |     8 ||    15
